 Dungeon Crawl Stone Soup version 0.26-a0-812-g31a745ddcd (webtiles) character file.

Game seed: 6702758598876761469

164 nicanaca0 the Digger (level 5, 0/30 HPs)
             Began as a Gargoyle Earth Elementalist on Nov 21, 2020.
             Was an Initiate of Vehumet.
             Slain by an adder (4 damage)
             ... on level 4 of the Dungeon.
             The game lasted 00:08:48 (3652 turns).

nicanaca0 the Digger (Gargoyle Earth Elementalist)  Turns: 3652, Time: 00:08:49

Health: 0/30       AC:  8    Str: 12    XL:     5   Next: 45%
Magic:  4/9        EV: 12    Int: 16    God:    Vehumet [......]
Gold:   291        SH:  0    Dex: 10    Spells: 5/9 levels left

rFire    . . .     SeeInvis .   a - +0 great mace
rCold    . . .     Faith    .   (shield currently unavailable)
rNeg     + . .     Spirit   .   c - +0 robe
rPois    ∞         Reflect  .   (no helmet)
rElec    +         Harm     .   (no cloak)
rCorr    .         Rampage  .   k - +0 pair of gloves
MR       .....                  l - +0 pair of boots
Stlth    ++........             (no amulet)
HPRegen  0.10/turn              (no ring)
MPRegen  0.11/turn              (no ring)

@: no status effects
A: negative energy resistance 1, electricity resistance, unbreathing,
petrification resistance, rot immunity, AC +4
a: Renounce Religion


You were on level 4 of the Dungeon.
You worshipped Vehumet.
Vehumet was noncommittal.
You visited 1 branch of the dungeon, and saw 4 of its levels.

You collected 291 gold pieces.

Inventory:

Hand Weapons
 a - a +0 great mace (weapon)
 b - a +0 hunting sling
Missiles
 d - 49 stones (quivered)
 f - 52 sling bullets
 q - 5 poisoned darts
Armour
 c - a +0 robe (worn)
 k - a +0 pair of gloves (worn)
 l - a +0 pair of boots (worn)
Scrolls
 e - a scroll of identify {@r1}
 h - a scroll of teleportation {unknown}
 i - 3 scrolls of magic mapping
 m - 2 scrolls of blinking {unknown}
 p - a scroll of remove curse {unknown}
 u - a scroll of amnesia {unknown}
Potions
 g - a potion of ambrosia
 j - a potion of lignification
 s - a potion of curing {@q1}
 t - a potion of cancellation


   Skills:
 + Level 1.7 Fighting
 - Level 2.0 Dodging
 + Level 3.5 Stealth
 + Level 2.9 Spellcasting
   Level 0.7 Transmutations
 * Level 5.1 Earth Magic


You had 5 spell levels left.
You knew the following spells:

 Your Spells              Type           Power        Failure   Level
a - Sandblast             Erth           ###...       2%          1
b - Stone Arrow           Conj/Erth      ##....       21%         3

Your spell library contained the following spells:

 Spells                   Type           Power        Failure   Level
 Passwall                 Tmut/Erth      ##......     9%          2
 Animate Skeleton         Necr           #.....       19%         1
 Petrify                  Tmut/Erth      ##......     50%         4
 Lee's Rapid Deconstruct  Erth           ###.......   54%         5
 Bolt of Magma            Conj/Fire/Erth #.........   95%         5
 Agony                    Necr           #.......     99%         5
 Sublimation of Blood     Necr           Unusable     N/A         2

Dungeon Overview and Level Annotations

Branches:
Dungeon (4/15)
 Temple: D:4-7

Altars:
Gozag
Hepliaklqana
Sif Muna
Trog
Vehumet
Xom

Portals:
Ossuary: D:4

Annotations:
D:4 Blork the orc


Innate Abilities, Weirdness & Mutations

You are resistant to torment.
Your stone body is resilient. (AC +4)
You are immune to poison.
You resist negative energy. (rN+)
You are resistant to electric shocks. (rElec)
You can survive without breathing.
You are immune to petrification.
You are immune to rotting.


Message History

Aim: a mummy (heavily damaged)
The stone arrow hits the mummy.
The mummy is severely damaged.
The scorpion misses you. The adder barely misses you. The mummy hits you!
Ouch! That really hurt!
* * * LOW HITPOINT WARNING * * *
The giant cockroach barely misses you.
Really attack while wielding your +0 hunting sling?
Okay, then.
a - a +0 great mace (weapon)
The adder bites you but does no damage. The scorpion closely misses you.
The giant cockroach bites you but does no damage.
You hit the mummy.
The mummy is almost destroyed.
The adder barely misses you. The scorpion stings you.
* * * LOW HITPOINT WARNING * * *
The giant cockroach bites you.
* * * LOW HITPOINT WARNING * * *
The mummy closely misses you. The adder bites you.
You die...

#.............(#,,,,,,, ***
**#.....(......#,,,,,,, *.#*
##.......#**,,,,,,,,,,
**..###*#..#...#.##*,,,,,,**,,
*......##..#.S##..#,,,*,,,**,,
##.#.........###..#,,*#,,*,,,*
#..##.......##.#..##..##,**,,*
#...#......##.s#........,,,,,,
##*##........##M@Bh.#......,,,,*,
...#..........##.S#.#......,,,**,
...#...........##.#........,,,,*,
..##............###........,,,,,,
..........##.....##........,,,,,,
..................#....###.,,>,,,
.......##...............,,,,,,,,,
#......#............#.#..,,,,,,,,
..>....#............,,*,,,,,,,,,,


You could see a mummy, a scorpion, a hound, an adder and a giant cockroach.

Vanquished Creatures
  A howler monkey skeleton (D:4)
  6 adders
  An ooze (D:1)
  2 worms
  2 dart slugs
  3 leopard geckos (D:3)
  A ball python (D:2)
  9 bats
  6 giant cockroaches
  9 goblins
  13 hobgoblins
  4 jackals (D:4)
  3 quokkas (D:2)
  4 frilled lizards
  9 kobolds
  3 rats
76 creatures vanquished.

Notes
Turn   | Place    | Note
-------+----------+-------------------------------------------
     0 | D:1      | nicanaca0 the Gargoyle Earth Elementalist began the quest
                  | for the Orb.
     0 | D:1      | Reached XP level 1. HP: 10/10 MP: 3/3
     0 | D:1      | Noticed an iron dragon
     0 | D:1      | Noticed a tentacled monstrosity
     0 | D:1      | Noticed an iron dragon
     2 | D:1      | Noticed a red draconian
     4 | D:1      | Noticed a tentacled monstrosity
     5 | D:1      | Noticed a shadow dragon
     8 | D:1      | Noticed a large abomination
    10 | D:1      | Noticed a shadow dragon
    10 | D:1      | Noticed a yellow draconian
    12 | D:1      | Noticed a large abomination
    14 | D:1      | Noticed an iron dragon
    18 | D:1      | Noticed an orb of fire
    20 | D:1      | Noticed an iron dragon
   143 | D:1      | Reached XP level 2. HP: 15/15 MP: 1/5
   491 | D:1      | Reached skill level 4 in Earth Magic
   600 | D:1      | Reached XP level 3. HP: 19/19 MP: 4/6
   845 | D:1      | Learned a level 3 spell: Stone Arrow
  1431 | D:2      | Reached XP level 4. HP: 24/24 MP: 2/7
  1847 | D:2      | Reached skill level 1 in Fighting
  1877 | D:2      | Found a shimmering altar of Xom.
  2579 | D:3      | Reached XP level 5. HP: 29/29 MP: 5/9
  3175 | D:3      | Reached skill level 5 in Earth Magic
  3214 | D:3      | Found a hazy altar of Hepliaklqana.
  3214 | D:3      | Found a radiant altar of Vehumet.
  3218 | D:3      | Found an opulent altar of Gozag.
  3225 | D:3      | Found a bloodstained altar of Trog.
  3228 | D:3      | Found a shimmering blue altar of Sif Muna.
  3424 | D:3      | Became a worshipper of Vehumet
  3509 | D:4      | Noticed Blork the orc
  3631 | D:4      | Identified the Volume of Torrid Darkness
  3643 | D:4      | Found a sand-covered staircase.
  3652 | D:4      | Slain by an adder

Illustrated notes

Levels and vault maps discovered:
D:1:      shiori_arrival_whats_in_store_for_you, layout_loops_ring,
          minmay_misc_feat_diagonals
D:2:      layout_rooms, tgw_xom, roderic_serpentine_path
D:3:      layout_basic, minmay_overflow_temple_star_hex
D:4:      layout_cave_pools, gup_ossuary_entry_pyramid,
          ebering_ghost_reflecting_pool, uniq_duvessa, uniq_blork_the_orc

Skill      XL: |  1  2  3  4  5 |
---------------+----------------+-----
Earth Magic    | 4 5 |  5.1
Dodging        | 2 |  2.0
Stealth        | 3 |  3.5
Fighting       | 1 |  1.7
Spellcasting   | |  2.9
Transmutations | |  0.7

Action                   |  1- 3 |  4- 6 || total
-------------------------+-------+-------++-------
Melee: Unarmed           |     1 |     4 ||     5
       Great mace        |       |     5 ||     5
 Fire: Hunting sling     |       |    78 ||    78
Throw: Stone             |       |     1 ||     1
 Cast: Sandblast         |    50 |    40 ||    90
       Stone Arrow       |       |     1 ||     1
  Use: Scroll            |       |     8 ||     8
       Potion            |       |     2 ||     2
Armor: Robe              |    12 |    34 ||    46
Dodge: Dodged            |    17 |    61 ||    78

Table legend: (Time is in decaauts)
 A = Elapsed time spent in this place.
 B = Non-inter-level travel time spent in this place.
 C = Inter-level travel time spent in this place.
 D = Time resting spent in this place.
 E = Time spent auto-exploring this place.
 F = Levels seen in this place.
 G = Mean time per level.
                   A        B        C        D        E       F      G
               +--------+--------+--------+--------+--------+-----+--------+
         Total |   3652 |   3356 |    296 |    107 |   2645 |   4 |  913.0 |
       Dungeon |   3652 |   3356 |    296 |    107 |   2645 |   4 |  913.0 |
               +--------+--------+--------+--------+--------+-----+--------+

Top non-repeatable levels by time:
     D:3: 1490 daAuts
     D:1: 1162 daAuts
     D:2: 876 daAuts
     D:4: 122 daAuts
